 Dungeon Crawl Stone Soup version 0.32-a0-995-gb4a59205af (webtiles) character file.

Game seed: 9483757243528853000

54895 jasper the Severer (level 14, 0/115 HPs)
             Began as a Demonspawn Berserker on Apr 22, 2024.
             Was a Believer of Lugonu.
             Succumbed to a black mamba's poison
             ... on level 5 of the Lair of Beasts.
             The game lasted 00:25:52 (19041 turns).

jasper the Severer (Demonspawn Berserker)          Turns: 19041, Time: 00:25:52

Health: 0/115      AC: 25    Str: 19    XL:     14   Next: 36%
Magic:  23/23      EV:  6    Int:  7    God:    Lugonu [**....]
Gold:   1228       SH:  9    Dex: 20    Spells: 13/13 levels left

rFire   + . .        j - +1 war axe
rCold   + . .        R - +0 buckler
rNeg    . . .        F - +0 plate armour
rPois   .            f - +1 helmet "Juvig" {+Blink rC+ Dex+3}
rElec   .            (cloak unavailable)
rCorr   .            L - +1 pair of gloves
SInv    .            p - +0 pair of boots
Will    +++..        E - amulet of reflection Stlth
                     l - ring of willpower
HPRegen 0.39/turn    I - ring of willpower
MPRegen 0.18/turn

%: reflection
@: lethally poisoned (0 -> -40)
A: molten scales 3, demonic guardian 1, demonic magic 3, weakness stinger 3
a: Renounce Religion, Evoke Blink, Depart the Abyss, Banish


You were on level 5 of the Lair of Beasts.
You worshipped Lugonu.
Lugonu was pleased with you.
You visited 3 branches of the dungeon, and saw 17 of its levels.
You visited the Abyss 1 time.

You collected 1228 gold pieces.

Inventory:

Hand Weapons
 a - a +0 hand axe
 j - a +1 war axe (weapon)
 s - a +0 whip of freezing
Missiles
 i - 17 boomerangs (quivered)
 r - 37 poisoned darts
 G - 11 curare-tipped darts
 S - 5 javelins
Armour
 b - a +0 animal skin
 f - the +1 helmet "Juvig" (worn) {+Blink rC+ Dex+3}
   (You acquired it on level 2 of the Dungeon)

   Dex+3:     It affects your dexterity (+3).
   rC+:       It protects you from cold.
   +Blink:    It lets you blink.
 g - a +1 helmet
 h - a +0 chain mail
 n - a +0 cloak
 p - a +0 pair of boots (worn)
 F - a +0 plate armour (worn)
 L - a +1 pair of gloves (worn)
 R - a +0 buckler (worn)
Jewellery
 l - a ring of willpower (left hand)
 q - a ring of see invisible
 E - an amulet of reflection (around neck)
 H - a ring of positive energy
 I - a ring of willpower (right hand)
 Q - a ring of willpower
Wands
 m - a wand of flame (39)
 t - a wand of light (12)
 D - a wand of warping (8)
 J - a wand of paralysis (17)
Scrolls
 c - 2 scrolls of fear
 y - 3 scrolls of enchant weapon
 z - a scroll of amnesia
 C - 2 scrolls of teleportation
 N - a scroll of immolation
 O - 2 scrolls of poison
 P - 2 scrolls of enchant armour
 U - a scroll of vulnerability
 V - a scroll of revelation
Potions
 d - a potion of berserk rage
 e - 2 potions of mutation
 k - 3 potions of brilliance
 o - 2 potions of ambrosia
 u - 2 potions of haste
 v - 4 potions of enlightenment
 w - 2 potions of magic
 x - a potion of cancellation
 A - a potion of lignification
 K - 4 potions of attraction
 M - a potion of might
 T - a potion of resistance {unknown}


   Skills:
 + Level 12.2 Fighting
 - Level 16.0 Axes
 + Level 11.0 Armour
 - Level 1.7 Dodging
 + Level 12.2 Invocations


You had 13 spell levels left.
You didn't know any spells.
Your spell library contained the following spells:

 Spells                   Type           Power      Damage    Failure   Level
 Mercury Vapours          Alch/Air       0%         N/A       100%        2
 Mephitic Cloud           Conj/Alch/Air  0%         N/A       100%        3
 Volatile Blastmotes      Fire/Tloc      0%         2d10      100%        3
 Fulminant Prism          Conj/Alch      0%         3d5       100%        4
 Iskenderun's Mystic Bla Conj/Tloc 0%             2d3        (+2d1     100%        4
 Freezing Cloud           Conj/Ice/Air   0%         6-21      100%        5
 Summon Forest            Summ/Tloc      0%         N/A       100%        5
 Summon Mana Viper        Hex/Summ       0%         N/A       100%        5
 Summon Cactus Giant      Summ           0%         N/A       100%        6


Dungeon Overview and Level Annotations

Branches:
Dungeon (11/15)            Temple (0/1) D:5            Lair (5/5) D:11
 Shoals (0/4) Lair:2        Snake (1/4) Lair:3        Slime (0/5) Lair:4
    Orc (0/2) D:10

Altars:
Ashenzari
Dithmenos
Fedhas
Gozag
Kikubaaqudgha
Makhleb
Nemelex Xobeh
Okawaru
Qazlal
Sif Muna
Uskayaw
Vehumet
Wu Jian
Jiyva

Annotations:
Lair:1 exclusion: oklob plant
Abyss:1 Urug


Innate Abilities, Weirdness & Mutations

You are completely covered in molten scales. (AC +4, rF+)
A weak demonic guardian rushes to your aid.
Spells you cast and wands you use may paralyse nearby enemies.
You have a sharp stinger which inflicts weakening toxins.


Message History

The black mamba bites you!
You are more poisoned.
The black mamba poisons you!
You take 19 damage, and have 62/115 hp.
You slash the black mamba!
The black mamba is moderately wounded.
You hit the wyvern.
You hit the water moccasin but do no damage.
You feel extremely sick. You block the wyvern's attack.
You block the water moccasin's attack.
The black mamba bites you but does no damage.
The wyvern bites you. The water moccasin closely misses you.
You take 14 damage, and have 48/115 hp.
You closely miss the black mamba.
The black mamba is moderately wounded.
You slash the water moccasin! You hit the wyvern.
You feel very sick.
The black mamba bites you but does no damage.
The black mamba bites you!
* * * LOW HITPOINT WARNING * * *
You are more poisoned.
The black mamba poisons you!
The water moccasin bites you but does no damage.
The wyvern bites you!
* * * LOW HITPOINT WARNING * * *
A demonic guardian appears!
You take 28 damage, and have 20/115 hp.
MASSIVE DAMAGE!!
Okay, then.
Blink to where?
Press: ? - help, Dir - move target
As you read the scroll of blinking, it crumbles to dust.
* * * LOW HITPOINT WARNING * * *
You feel extremely sick.
You take 11 damage, and have 9/115 hp.
You are lethally poisoned (9 -> -31).
Your movement speed is average.
Your attack delay is about 0.7 (and cannot be improved with additional weapon skill).
Your damage rating with your +1 war axe is about 22 (Base 11 x 122% (Str) x 158% (Skill) + 1 (Ench)).
Your base attributes are Str 19, Int 7, Dex 17.
Unknown command.
You die...

##....# ##...##
##†..# ##....#
#...#.# #....##
#...### ##....#
##..## #.....##
#.<.# ##..†#.####
##..## #.....#..#
#....# ##.......#
##@..# #...#....
#....# ......#....
#...######....##...
#######
##...##.##.....#...
##.#P..#
#........##....##..
#......###
#.....S.5.##... #..
..#.#....#
#......[.S..# ##.
........##
##.^...#k....# #.
...#.....##
#...^.###....# ##


You could see a water moccasin and a wyvern.

Vanquished Creatures
  A dire elephant (Lair:5)
  A two-headed ogre (D:9)
  8 death yaks
  Sonja (D:10)
  Pikel (D:4)
  4 lindwurms (Lair:5)
  A wolf spider (Lair:5)
  A manticore (D:11)
  8 elephants
  6 black mambas
  A merfolk siren (Lair:2)
  11 cane toads
  2 gargoyles
  5 rime drakes
  5 komodo dragons
  An unseen horror (D:10)
  2 kobold demonologists
  6 hornets
  2 polar bears
  2 trolls (D:11)
  25 blink frogs
  2 dream sheep (Lair:5)
  A shadow (D:11)
  3 wraiths
  13 wyverns
  40 yaks
  5 basilisks
  2 nagas (Lair:3)
  An acid dragon (D:8)
  18 water moccasins
  2 orc warriors
  5 ice beasts
  A hornet zombie (D:6)
  15 wolves
  3 centaurs
  4 lemures (D:4)
  5 phantoms
  5 kobold brigands
  10 bullfrogs
  A gnoll sergeant (D:6)
  2 scorpions
  A water moccasin zombie (D:6)
  6 wights
  A water moccasin skeleton (D:6)
  6 killer bees (D:10)
  8 howler monkeys
  2 electric eels
  A bombardier beetle (D:5)
  2 bullfrog zombies (D:6)
  A centaur zombie (D:6)
  4 jellies
  5 hounds
  A gnoll bouda (D:7)
  7 orc priests
  3 sleepcaps
  4 bullfrog skeletons (D:6)
  8 orc wizards
  Ijyb (D:4)
  2 iguanas
  A killer bee zombie (D:6)
  6 ogre zombies (D:10)
  9 gnolls
  8 adders
  2 white imps
  A ribbon worm (D:5)
  30 orcs
  7 endoplasms
  2 giant cockroaches
  6 hobgoblins
  17 jackals
  29 kobolds
  6 ball pythons
  3 bats
  3 frilled lizards
  2 gnoll skeletons (D:10)
  2 gnoll zombies (D:10)
  7 goblins
  5 orc skeletons (D:10)
  10 orc zombies (D:10)
  2 rats
453 creatures vanquished.

Vanquished Creatures (collateral kills)
  A death yak (Lair:5)
  An elephant (Lair:1)
  A rime drake (Lair:4)
  3 blink frogs
  A water moccasin (Lair:5)
7 creatures vanquished.

Vanquished Creatures (others)
  A manticore (D:11)
  A water moccasin (Lair:5)
  A human (D:3)
3 creatures vanquished.

Grand Total: 463 creatures vanquished

Notes
Turn   | Place    | Note
-------+----------+-------------------------------------------
     0 | D:1      | jasper the Demonspawn Berserker began the quest for the
                  | Orb.
     0 | D:1      | Reached XP level 1. HP: 18/18 MP: 1/1
    95 | D:1      | Reached skill level 3 in Axes
   236 | D:1      | Gained mutation: You have a small tail. [demonic ancestry]
   236 | D:1      | Reached XP level 2. HP: 10/24 MP: 2/2
  1049 | D:2      | Reached skill level 4 in Axes
  1049 | D:2      | Gained mutation: Spells you cast may paralyse adjacent
                  | enemies. [demonic ancestry]
  1049 | D:2      | Reached XP level 3. HP: 29/29 MP: 3/3
  1064 | D:2      | Found a faded altar of an unknown god.
  1284 | D:2      | Reached ** piety under Trog
  1572 | D:2      | Identified a scroll of acquirement
  1572 | D:2      | Acquired the +1 helmet "Juvig" {+Blink rC+ Dex+3}
  1617 | D:3      | Gained mutation: You are partially covered in molten
                  | scales. (AC +2) [demonic ancestry]
  1617 | D:3      | Reached XP level 4. HP: 35/35 MP: 4/4
  1624 | D:3      | Found a shadowy altar of Dithmenos.
  1762 | D:3      | Found a broken altar of Ashenzari.
  1839 | D:3      | Found an opulent altar of Gozag.
  2293 | D:3      | Found an ancient bone altar of Kikubaaqudgha.
  2294 | D:3      | Noticed a human
  2296 | D:3      | Killed a human
  2344 | D:4      | Reached skill level 5 in Axes
  2446 | D:4      | Found a burning altar of Makhleb.
  2519 | D:4      | Gained mutation: You have a tail ending in a sharp stinger.
                  | [demonic ancestry]
  2519 | D:4      | Reached XP level 5. HP: 27/41 MP: 5/5
  2665 | D:4      | Found a stormy altar of Qazlal.
  2718 | D:4      | Noticed a lemure
  2739 | D:4      | Killed a lemure
  2785 | D:4      | Noticed a lemure
  2799 | D:4      | Noticed Pikel
  2804 | D:4      | Noticed a lemure
  2805 | D:4      | Killed a lemure
  2805 | D:4      | Noticed a lemure
  2812 | D:4      | Killed a lemure
  2824 | D:4      | Killed a lemure
  2832 | D:4      | Killed Pikel
  2833 | D:4      | Reached skill level 7 in Axes
  2833 | D:4      | Gained mutation: Spells you cast may paralyse nearby
                  | enemies. [demonic ancestry]
  2833 | D:4      | Reached XP level 6. HP: 42/47 MP: 6/6
  2833 | D:4      | Reached XP level 7. HP: 47/52 MP: 7/7
  3017 | D:4      | Noticed Ijyb
  3030 | D:4      | Killed Ijyb
  3325 | D:5      | Entered Level 5 of the Dungeon
  3364 | D:5      | Reached skill level 8 in Axes
  3501 | D:5      | Found a staircase to the Ecumenical Temple.
  3801 | D:5      | Gained mutation: You are mostly covered in molten scales.
                  | (AC +3) [demonic ancestry]
  3801 | D:5      | Reached XP level 8. HP: 56/58 MP: 8/8
  3803 | D:5      | Reached *** piety under Trog
  3947 | D:5      | Found a radiant altar of Vehumet.
  4210 | D:6      | Reached skill level 9 in Axes
  4288 | D:6      | Found a blossoming altar of Fedhas.
  4445 | D:6      | Noticed a hornet
  4451 | D:6      | Killed a hornet
  4644 | D:6      | Reached skill level 5 in Fighting
  4646 | D:6      | Reached XP level 9. HP: 47/68 MP: 9/9
  4804 | D:6      | Reached skill level 10 in Axes
  4999 | D:6      | Reached **** piety under Trog
  5635 | D:7      | Reached skill level 5 in Armour
  6390 | D:8      | Reached skill level 11 in Axes
  6487 | D:8      | Noticed a gargoyle
  6493 | D:8      | Killed a gargoyle
  6494 | D:8      | Reached XP level 10. HP: 77/77 MP: 10/10
  7528 | D:9      | Found an ornate altar of the Wu Jian Council.
  7530 | D:9      | Noticed a two-headed ogre
  7548 | D:9      | Killed a two-headed ogre
  7548 | D:9      | Reached ***** piety under Trog
  7549 | D:9      | Reached skill level 12 in Axes
  8323 | D:10     | Entered Level 10 of the Dungeon
  8515 | D:10     | Found an iron altar of Okawaru.
  8643 | D:10     | Noticed Sonja
  8650 | Abyss:1  | Cast into level 1 of the Abyss (Sonja)
  8655 | Abyss:1  | Found a corrupted altar of Lugonu.
  8669 | Abyss:1  | Fell from the grace of Trog
  8669 | Abyss:1  | Became a worshipper of Lugonu the Unformed
  8669 | Abyss:1  | Reached * piety under Lugonu
  8669 | Abyss:1  | Reached ** piety under Lugonu
  8670 | D:10     | Escaped the Abyss
  8690 | D:10     | Killed Sonja
  8691 | D:10     | Gained mutation: You have a sharp stinger which inflicts
                  | weakening toxins. [demonic ancestry]
  8691 | D:10     | Reached XP level 11. HP: 34/86 MP: 11/11
  8906 | D:10     | Found a staircase to the Orcish Mines.
  9203 | D:10     | Reached skill level 1 in Invocations
  9217 | D:10     | Paralysed by a hornet for 2 turns
  9468 | D:10     | Found a shimmering blue altar of Sif Muna.
  9491 | D:10     | Found a hide-covered altar of Uskayaw.
  9749 | D:10     | Found a sparkling altar of Nemelex Xobeh.
 10062 | D:11     | Found a staircase to the Lair.
 10085 | D:10     | Reached skill level 5 in Invocations
 10317 | D:11     | Paralysed by Trog for 5 turns
 10543 | D:11     | Noticed a two-headed ogre
 10545 | D:11     | Banished a two-headed ogre
 10649 | D:11     | Reached skill level 13 in Axes
 11162 | Lair:1   | Entered Level 1 of the Lair of Beasts
 11194 | Lair:1   | Reached *** piety under Lugonu
 11685 | Lair:1   | Banished a two-headed ogre
 11685 | Lair:1   | Banished a two-headed ogre
 11703 | Lair:1   | Banished a two-headed ogre
 11704 | Lair:1   | Noticed a two-headed ogre
 11705 | Lair:1   | Banished a two-headed ogre
 11999 | Lair:1   | Gained mutation: A weak demonic guardian rushes to your
                  | aid. [demonic ancestry]
 11999 | Lair:1   | Reached XP level 12. HP: 70/95 MP: 17/17
 12422 | Lair:1   | Reached skill level 14 in Axes
 12702 | Lair:1   | Found a blossoming altar of Fedhas.
 13343 | Lair:2   | Reached skill level 15 in Axes
 13827 | Lair:2   | Found a staircase to the Shoals.
 14081 | Lair:2   | Noticed a six-headed hydra
 14083 | Lair:2   | Noticed a dire elephant
 14084 | Lair:2   | Banished a six-headed hydra
 14085 | Lair:2   | Reached skill level 16 in Axes
 14164 | Lair:3   | Gained mutation: Spells you cast and wands you use may
                  | paralyse nearby enemies. [demonic ancestry]
 14164 | Lair:3   | Reached XP level 13. HP: 69/101 MP: 18/18
 14317 | Lair:3   | Found a staircase to the Snake Pit.
 14912 | Lair:3   | Reached skill level 10 in Fighting
 15431 | Snake:1  | Entered Level 1 of the Snake Pit
 15565 | Lair:4   | HP: 4/104 [death yak (7)]
 16152 | Lair:4   | Noticed Urug
 16172 | Lair:4   | Banished Urug
 16292 | Lair:4   | Reached skill level 10 in Invocations
 16621 | Lair:4   | Found a viscous altar of Jiyva.
 16621 | Lair:4   | Found a staircase to the Slime Pits.
 16966 | Lair:5   | Entered Level 5 of the Lair of Beasts
 17140 | Lair:5   | Reached skill level 10 in Armour
 17278 | Lair:5   | Noticed a dire elephant
 17297 | Lair:5   | Killed a dire elephant
 17475 | Lair:5   | Gained mutation: You are completely covered in molten
                  | scales. (AC +4, rF+) [demonic ancestry]
 17475 | Lair:5   | Reached XP level 14. HP: 33/113 MP: 18/22
 17697 | Lair:5   | Identified the +7 dagger of Dyuvang {drain, Str+3 SInv}
 19041 | Lair:5   | Succumbed to a black mamba's poison

Illustrated notes

Levels and vault maps discovered:
D:1:      lightli_arrival_boilingwater, layout_basic
D:2:      layout_loops_ring, hellmonk_ecumenical_altar_dog_temple,
          minmay_misc_feat_alley, supply_closet_lemuel, grunt_decor_arrowhead
D:3:      layout_basic, tgw_kikubaaqudgha, mainiacjoe_overflow_small_starburst,
          mainiacjoe_overflow_catwalk, grunt_dithmenos_smoke_and_mirrors
D:4:      layout_rooms, lightli_temple_of_fire, mainiacjoe_overflow_alcove_1,
          elyvilon_altar_1, uniq_ijyb, uniq_pikel
D:5:      layout_basic, nicolae_vehumet_altar_sigil,
          minmay_temple_entry_purple_smoke
D:6:      layout_loops_ring, fedhas_bush_and_centaur_altar, serial_undead,
          serial_undead_f, serial_undead_b, serial_undead_e, serial_undead_b,
          serial_bayou_pond_a, minmay_misc_feat_hallway
D:7:      layout_gridville
D:8:      layout_loops_ring, minmay_joined_circles
D:9:      layout_basic, mainiacjoe_overflow_paths
D:10:     layout_roguey, okawaru_trees_1, lemuel_coloured_pillars_altar,
          jmf_multi_god_temple2, zombieorc1_lemuel, serial_co_window_serial,
          co_window_corner_a, co_window_paths_b, co_window_corner_a,
          co_window_corner_a, co_window_paths_a, co_window_corner_a,
          co_window_paths_c, co_window_paths_c, co_window_paths_c,
          co_window_corner_cb, glass_columns_b, glass_columns_a,
          glass_columns_b, glass_columns_b, glass_columns_a, uniq_sonja
D:11:     layout_basic, hellmonk_lair_entry_icy, kennysheep_generic_room_6
Lair:1:   statuecave_lemuel, layout_concentric_octagons,
          pdpol_lair_neglected_garden, hangedman_tree_tricks,
          nicolae_quartered_pool_impasse, lemuel_fruit_fields
Lair:2:   layout_cave_pods, minmay_shoals_entry_lonely_mermaid, basic_altar,
          minmay_holes, nicolae_lair_lakeside_cave, lemuel_fruit_tree
Lair:3:   layout_regular_city, minmay_snake_entry_guardpost_small
Lair:4:   layout_loops_ring, dpeg_slime_entry_enclosed,
          nicolae_volcano_entry_lava_flow, wad_woods_road_05,
          grunt_megastairs_5, serial_bayou_shore_b, serial_bayou_shore_b,
          uniq_urug
Lair:5:   hangedman_lair_tendril_chambers, layout_long_grid,
          hangedman_lair_in_review
Snake:1:  layout_grid_shapes

Skill      XL: |  1  2  3  4  5  6  7  8  9 10 11 12 13 14 |
---------------+-------------------------------------------+-----
Axes           | 3 4 5 7 8 9 11 12 13 16 | 16.0
Armour         | 2 4 5 7 8 10 11 | 11.0
Fighting       | 5 6 8 9 11 12 | 12.2
Invocations    | 7 11 12 | 12.2
Dodging        | |  1.7

Action                     |  1- 3 |  4- 6 |  7- 9 | 10-12 | 13-15 || total
---------------------------+-------+-------+-------+-------+-------++-------
  Melee: Hand axe          |    50 |       |       |       |       ||    50
         Tailslap          |     8 |    16 |    54 |   148 |   138 ||   364
         War axe           |    30 |   116 |   370 |   688 |   630 ||  1834
  Throw: Boomerang         |    13 |     1 |     7 |    14 |     2 ||    37
         Dart              |       |       |       |     1 |       ||     1
 Invoke: Berserk           |     2 |     1 |     4 |     2 |       ||     9
         Trog's Hand       |       |       |     3 |     3 |       ||     6
         Depart the Abyss  |       |       |       |     1 |       ||     1
         Banish            |       |       |       |    19 |    20 ||    39
  Evoke: Wand              |       |       |     1 |     8 |     2 ||    11
    Use: Scroll            |     5 |     1 |     6 |    16 |     4 ||    32
         Potion            |       |       |       |     7 |     5 ||    12
   Stab: Invisible         |       |       |       |     1 |     1 ||     2
         Distracted        |       |       |       |       |     2 ||     2
         Paralysed         |       |       |       |       |     1 ||     1
 Armour: Animal skin       |    25 |       |       |       |       ||    25
         Chain mail        |    50 |   113 |   281 |       |       ||   444
         Plate armour      |       |       |    97 |   639 |   466 ||  1202
  Dodge: Dodged            |    37 |    40 |   151 |   172 |   120 ||   520
  Block: Other             |       |       |    32 |    54 |       ||    86
         Reflection        |       |       |       |     5 |       ||     5
         Buckler           |       |       |       |   181 |   238 ||   419

Table legend: (Time is in decaauts)
 A = Elapsed time spent in this place.
 B = Non-inter-level travel time spent in this place.
 C = Inter-level travel time spent in this place.
 D = Time resting spent in this place.
 E = Time spent auto-exploring this place.
 F = Levels seen in this place.
 G = Mean time per level.
                   A        B        C        D        E       F      G
               +--------+--------+--------+--------+--------+-----+--------+
         Total |  19188 |  18679 |    509 |   2827 |  11962 |  18 | 1066.0 |
       Dungeon |  11467 |  11066 |    401 |   1421 |   7437 |  11 | 1042.5 |
          Lair |   7696 |   7588 |    108 |   1406 |   4525 |   5 | 1539.2 |
     Snake Pit |      1 |      1 |      0 |      0 |      0 |   1 |    1.0 |
         Abyss |     22 |     22 |      0 |      0 |      0 |   1 |   22.0 |
               +--------+--------+--------+--------+--------+-----+--------+

Top non-repeatable levels by time:
  Lair:5: 2043 daAuts
    D:10: 1880 daAuts
  Lair:1: 1567 daAuts
  Lair:3: 1561 daAuts
  Lair:2: 1338 daAuts
     D:7: 1255 daAuts
  Lair:4: 1185 daAuts
     D:9: 1160 daAuts
    D:11: 1124 daAuts
     D:4: 1033 daAuts
     D:1: 917 daAuts
     D:6: 898 daAuts
     D:8: 886 daAuts
     D:5: 848 daAuts
     D:2: 732 daAuts
